 Dungeon Crawl Stone Soup version 0.29-a0-23-ga79f92ac9c (webtiles) character file.

Game seed: 7157955507145456607

273 dolemite99 the Cleaver (level 6, -3/51 HPs)
             Began as a Minotaur Monk on Jan 30, 2022.
             Was a Follower of Uskayaw.
             Slain by an ogre (27 damage)
             ... on level 4 of the Dungeon.
             The game lasted 00:03:29 (3971 turns).

dolemite99 the Cleaver (Minotaur Monk)              Turns: 3971, Time: 00:03:29

Health: -3/51      AC: 13    Str: 18    XL:     6   Next: 2%
Magic:  14/14      EV:  6    Int:  7    God:    Uskayaw [*.....]
Gold:   129        SH:  0    Dex: 16    Spells: 5/5 levels left

rFire   . . .      SeeInvis .   a - +0 hand axe (freeze)
rCold   . . .      Faith    .   (no shield)
rNeg    . . .      Spirit   .   e - +1 plate armour
rPois   +          Reflect  .   d - +1 hat "Bunucargh" {rPois Dex+4}
rElec   .          Harm     .   p - +0 cloak
rCorr   .          Rampage  .   (no gloves)
Will    .....                   (no boots)
Stlth   ..........              (no amulet)
HPRegen 0.17/turn               k - ring of magical power
MPRegen 0.14/turn               (no ring)

@: no status effects
A: horns 2, retaliatory headbutt
a: Renounce Religion, Stomp


You were on level 4 of the Dungeon.
You worshipped Uskayaw.
Uskayaw was noncommittal.
You visited 1 branch of the dungeon, and saw 4 of its levels.

You collected 129 gold pieces.

Inventory:

Hand Weapons
 a - a +0 hand axe of freezing (weapon)
 b - a +0 dagger of venom
 f - a +0 flail
 n - a +0 halberd
 q - a +1 flail of protection
Missiles
 c - 98 stones (quivered)
 h - 81 arrows
Armour
 d - the +1 hat "Bunucargh" (worn) {rPois Dex+4}
   (You acquired it on level 2 of the Dungeon)

   Dex:       It affects your dexterity (+4).
   rPois:     It protects you from poison.
 e - a +1 plate armour (worn)
 p - a +0 cloak (worn)
Jewellery
 k - a ring of magical power (left hand)
Scrolls
 i - a scroll of blinking {unknown}
 l - a scroll of vulnerability {unknown}
Potions
 g - a potion of curing {unknown}
 j - 2 potions of lignification {unknown}
 m - a potion of mutation {unknown}
 o - a potion of magic {unknown}
 r - a potion of degeneration {unknown}


   Skills:
 - Level 3.6 Fighting
 + Level 8.2 Axes
 - Level 3.2 Dodging
 - Level 1.5 Stealth


You had 5 spell levels left.
You didn't know any spells.
Your spell library contained the following spells:

 Spells                   Type           Power      Damage    Failure   Level
 Freeze                   Ice            0%         1d3       100%        1
 Frozen Ramparts          Ice            0%         1d2       100%        3
 Hailstorm                Conj/Ice       0%         3d3       100%        4


Dungeon Overview and Level Annotations

Branches:
Dungeon (4/15)
 Temple: D:4-7

Altars:
Uskayaw
Yredelemnul


Innate Abilities, Weirdness & Mutations

You have a pair of horns on your head.
You reflexively headbutt those who attack you in melee.


Message History

Done exploring.
Done exploring.
Done exploring.
(D) Dungeon
Where to? (Enter - D:3, ? - help)
What level of the Dungeon? (default 1, ? - help)
There is a stone staircase leading down here.
You climb downwards.
The hobgoblin shouts!
You hear a shout!
Found 19 gold pieces.
There is a stone staircase leading up here.
A hobgoblin is nearby!
A hobgoblin is nearby!
The hobgoblin hits you.
You hit the hobgoblin. You freeze the hobgoblin. You headbutt the hobgoblin.
You kill the hobgoblin!
No target in view!
An ogre and a dart slug come into view.
The ogre shouts!
You see here a hobgoblin corpse.
There are monsters nearby!
There are monsters nearby!
Found an escape hatch in the ceiling.
You hit the ogre but do no damage.
The ogre hits you with a +0 giant club!!
You completely miss the ogre. You hit the ogre. You freeze the ogre.
The ogre is moderately wounded.
The ogre barely misses you.
You hit the ogre. You freeze the ogre.
The ogre is moderately wounded.
The ogre hits you with a +0 giant club!
You hit the ogre but do no damage.
You headbutt the ogre, but do no damage.
The ogre is moderately wounded.
You hit the ogre. You freeze the ogre.
The ogre is heavily wounded.
The ogre hits you with a +0 giant club!!
Ouch! That really hurt!
You die...

.# #.##
$.. ##.#
##<.#
#..## #.##
<..#####†#
.....wO@.#
...#######


You could see an ogre and a dart slug.

Vanquished Creatures
  An ogre (D:3)
  Crazy Yiuf (D:2)
  8 gnolls (D:2)
  An adder (D:2)
  3 worms
  2 dart slugs (D:2)
  An orc (D:3)
  6 bats
  5 endoplasms
  4 giant cockroaches
  2 goblins (D:1)
  3 hobgoblins
  8 jackals
  6 kobolds
  A quokka (D:2)
  3 ball pythons
  3 frilled lizards
  2 rats (D:2)
60 creatures vanquished.

Vanquished Creatures (others)
  15 plants (D:2)
15 creatures vanquished.

Grand Total: 75 creatures vanquished

Notes
Turn   | Place    | Note
-------+----------+-------------------------------------------
     0 | D:1      | dolemite99 the Minotaur Monk began the quest for the Orb.
     0 | D:1      | Reached XP level 1. HP: 19/19 MP: 0/0
   153 | D:1      | Reached skill level 4 in Axes
   225 | D:1      | Found a faded altar of an unknown god.
   248 | D:1      | Prayed at the altar of an unknown god.
   248 | D:1      | Became a worshipper of Uskayaw the Reveller
   248 | D:1      | Reached * piety under Uskayaw
   248 | D:1      | Reached ** piety under Uskayaw
   355 | D:1      | Reached XP level 2. HP: 10/26 MP: 1/1
  1069 | D:1      | Reached *** piety under Uskayaw
  1227 | D:2      | Reached skill level 5 in Axes
  1422 | D:2      | Reached XP level 3. HP: 15/31 MP: 2/2
  1424 | D:2      | Reached **** piety under Uskayaw
  1431 | D:2      | Reached ***** piety under Uskayaw
  1433 | D:2      | Reached XP level 4. HP: 6/39 MP: 3/3
  1546 | D:2      | Reached skill level 6 in Axes
  1758 | D:2      | Identified a scroll of acquirement
  1771 | D:2      | Acquired the +1 hat "Bunucargh" {rPois Dex+4}
  2721 | D:2      | Found a runed translucent door.
  2722 | D:2      | Noticed Crazy Yiuf
  2731 | D:2      | Killed Crazy Yiuf
  2732 | D:2      | Reached skill level 7 in Axes
  2732 | D:2      | Reached XP level 5. HP: 23/45 MP: 4/4
  3403 | D:3      | Noticed an ogre
  3411 | D:3      | Killed an ogre
  3412 | D:3      | Reached skill level 8 in Axes
  3731 | D:3      | Found a faded altar of an unknown god.
  3740 | D:3      | Reached XP level 6. HP: 51/51 MP: 5/5
  3743 | D:3      | Found a basalt altar of Yredelemnul.
  3971 | D:4      | Slain by an ogre

Illustrated notes

Levels and vault maps discovered:
D:1:      dpeg_arrival_simpleton_a, layout_loops_ring,
          hellmonk_ecumenical_altar_lost_god
D:2:      wad_lake_hut, layout_rooms, serial_aquarium, aquarium_bridge_square
          [aquarium_subvault_wall, aquarium_subvault_wall,
          aquarium_subvault_bridge, aquarium_subvault_wall],
          aquarium_bridge_straight [aquarium_subvault_bridge,
          aquarium_subvault_wall, aquarium_subvault_bridge,
          aquarium_subvault_window], aquarium_window_1, aquarium_window_fake,
          aquarium_window_1, aquarium_window_1, aquarium_view_2d,
          aquarium_view_2a, aquarium_balcony_3a, minmay_tetromino_l4,
          uniq_crazy_yiuf_cottage
D:3:      layout_loops_ring, nicolae_overflow_ecumenical_swirl
D:4:      layout_rooms

Skill      XL: |  1  2  3  4  5 |
---------------+----------------+-----
Axes           | 4 5 7 8 |  8.2
Fighting       | |  3.6
Dodging        | |  3.2
Stealth        | |  1.5

Action                   |  1- 3 |  4- 6 || total
-------------------------+-------+-------++-------
Melee: Hand axe          |    52 |    82 ||   134
       Headbutt          |     9 |    17 ||    26
       Dagger            |     6 |       ||     6
       Punch             |     1 |       ||     1
Throw: Stone             |    31 |    11 ||    42
  Use: Scroll            |     3 |     3 ||     6
 Stab: Paralysed         |     2 |       ||     2
Armor: Plate armour      |    35 |    31 ||    66
       Robe              |     1 |       ||     1
Dodge: Dodged            |    16 |    22 ||    38

Table legend: (Time is in decaauts)
 A = Elapsed time spent in this place.
 B = Non-inter-level travel time spent in this place.
 C = Inter-level travel time spent in this place.
 D = Time resting spent in this place.
 E = Time spent auto-exploring this place.
 F = Levels seen in this place.
 G = Mean time per level.
                   A        B        C        D        E       F      G
               +--------+--------+--------+--------+--------+-----+--------+
         Total |   4016 |   3924 |     92 |   1267 |   2053 |   4 | 1004.0 |
       Dungeon |   4016 |   3924 |     92 |   1267 |   2053 |   4 | 1004.0 |
               +--------+--------+--------+--------+--------+-----+--------+

Top non-repeatable levels by time:
     D:2: 2230 daAuts
     D:1: 1138 daAuts
     D:3: 637 daAuts
     D:4: 10 daAuts
